 Dungeon Crawl Stone Soup version 0.18-a0-270-ga9d907f (webtiles) character file.

26684 Duffy the Grappler (level 13, -4/84 HPs)
             Began as a Gargoyle Monk on Nov 26, 2015.
             Was the Champion of Cheibriados.
             Slain by an elephant (9 damage)
             ... on level 5 of the Lair of Beasts.
             The game lasted 00:29:42 (16416 turns).

Duffy the Grappler (Gargoyle Monk)                 Turns: 16416, Time: 00:29:42

Health: -4/84      AC: 31    Str: 32    XL:     13   Next: 27%
Magic:  21/21      EV: 14    Int: 26    God:    Cheibriados [******]
Gold:   779        SH:  0    Dex: 30    Spells: 3 memorised, 5 levels left

rFire  + . .     SeeInvis .       - Unarmed
rCold  . . .     Clarity  .     S - +1 chain mail {MR+}
rNeg   + . .     SustAt   +     (no shield)
rPois  ∞         Gourm    .     E - +2 hat {MR+}
rElec  +         Spirit   .     P - +1 cloak
rCorr  +         Warding  .     C - +2 pair of gloves
rMut   .         Stasis   .     V - +2 pair of boots {Stlth+}
MR     ++...                    o - amulet of resist corrosion
Stlth  +.........               D - ring of protection from fire
                                H - ring of sustain attributes

@: very slightly contaminated, very slow, very resistant to hostile
enchantments, very unstealthy
A: negative energy resistance 1, electricity resistance, unbreathing,
petrification resistance, rot immunity, AC +9
a: Bend Time, Temporal Distortion, Slouch, Step From Time, Renounce Religion


You were on level 5 of the Lair of Beasts.
You worshipped Cheibriados.
Cheibriados was exalted by your worship.
You were not hungry.

You visited 3 branches of the dungeon, and saw 16 of its levels.

You collected 779 gold pieces.


Innate Abilities, Weirdness & Mutations

You are resistant to torment.
Your stone body is resilient (AC +9).
You are immune to poison.
You resist negative energy.
You are resistant to electric shocks.
You can survive without breathing.
You are immune to petrification.
You are immune to rotting.


   Skills:
 + Level 11.2 Fighting
 + Level 7.2 Armour
 + Level 4.9 Dodging
 - Level 2.2 Stealth
 + Level 14.9 Unarmed Combat
 - Level 10.8 Invocations


You had 5 spell levels left.
You knew the following spells:

 Your Spells              Type           Power        Failure   Level  Hunger
a - Apportation           Tloc           #.........   54%         1    ##.....
b - Blink                 Tloc           N/A          78%         2    ###....
d - Passage of Golubria   Tloc           N/A          100%        4    #####..

Inventory:

Missiles
 d - 391 stones (quivered)
 L - 10 poisoned needles
 R - 2 throwing nets
 W - 2 curare-tipped needles
Armour
 C - a +2 pair of gloves (worn)
 E - a +2 hat of magic resistance (worn)
 I - a +0 plate armour
 P - a +1 cloak (worn)
 S - a +1 chain mail of magic resistance (worn)
 V - a +2 pair of boots of stealth (worn)
Jewellery
 o - an amulet of resist corrosion (around neck)
 r - an uncursed amulet of stasis
 D - a ring of protection from fire (right hand)
 H - a ring of sustain attributes (left hand)
Wands
 x - a wand of lightning (7)
 y - a wand of flame (9)
 F - a wand of paralysis (16)
 N - a wand of polymorph (9)
Scrolls
 k - 2 scrolls of immolation
 s - 6 scrolls of teleportation
 u - a scroll of blinking
Potions
 a - 2 potions of resistance
 e - 8 potions of curing
 f - 2 potions of might
 g - a potion of cure mutation
 l - 4 potions of brilliance
 m - 4 potions of invisibility
 t - a potion of poison {unknown}
 w - a potion of agility
 A - a potion of berserk rage {unknown}
 K - 2 potions of heal wounds
 M - 3 potions of ambrosia
 O - a potion of flight {unknown}
 Y - 3 potions of magic {unknown}
Comestibles
 b - 8 bread rations
 h - 5 meat rations
 j - 9 slices of pizza
 p - 4 beef jerkies
 q - 18 royal jellies
 z - 8 fruits

Dungeon Overview and Level Annotations

Branches:
Dungeon (10/15)            Temple (1/1) D:5            Lair (5/8) D:9
  Swamp (0/4) Lair:3          Orc (0/4) D:9
  Snake: Lair:3-6    Spider: Lair:3-6

Altars:
Ashenzari
Cheibriados
Dithmenos
Elyvilon
Fedhas
Gozag
Kikubaaqudgha
Makhleb
Nemelex Xobeh
Okawaru
Qazlal
Ru
Sif Muna
Trog
Vehumet
Xom
Yredelemnul
Zin
The Shining One

Shops:
D:6 }


Message History

The water moccasin bites you but does no damage.
The water moccasin seems to regain its courage.
The water moccasin barely misses you. The sheep bites you!
The water moccasin barely misses you.
You are too injured to fight recklessly!
You are too injured to fight recklessly!
You are too injured to fight recklessly!
You closely miss the water moccasin. The water moccasin barely misses you.
The sheep bites you but does no damage.
You pummel the water moccasin!!
The water moccasin explodes!
The fiery explosion engulfs the sheep.
The sheep explodes!
The fiery explosion engulfs you! You resist.
Cheibriados thoroughly appreciates the change of pace.
The fiery explosion engulfs you! You resist.
Cheibriados thoroughly appreciates the change of pace.
You are engulfed in roaring flames.
You resist.
You hear a trumpeting! x4
You swing at nothing.
You are engulfed in roaring flames.
You resist.
An elephant comes into view. x2
There are monsters nearby!
An elephant comes into view.
The elephant trumpets!
An elephant comes into view.
The elephant tramples you but does no damage.
The elephant trunk-slaps you but does no damage.
The elephant tramples you!
You stumble backwards!
You are too injured to fight recklessly!
You hit the elephant but do no damage. You punch the elephant! x2
The elephant is moderately wounded.
The elephant misses you. The elephant closely misses you.
The elephant tramples you!
You die...

.#.#..........
..............
.............
...........
..........
#P.Y...
#....Y##
#.YY@##
###.....#
#....#....#
#...###...#
#...# #....
#..#.# .#..#
###..###
##...# #0.0.##
#.. #0.0#.#


You could see 4 elephants.

Action                   |  1- 3 |  4- 6 |  7- 9 | 10-12 | 13-15 || total
-------------------------+-------+-------+-------+-------+-------++-------
Melee: Unarmed           |   122 |   131 |   330 |   806 |   139 ||  1528
 Fire: Hunting sling     |    21 |    32 |       |       |       ||    53
Throw: Stone             |    21 |     5 |    10 |     9 |       ||    45
Invok: Slouch            |       |       |       |     4 |       ||     4
  Use: Scroll            |       |     6 |     5 |    10 |     9 ||    30
 Stab: Sleeping          |     2 |       |       |       |       ||     2
       Paralysed         |       |       |     1 |       |       ||     1
  Eat: Chunk             |     4 |     5 |    10 |    13 |     3 ||    35

Notes
Turn   | Place    | Note
--------------------------------------------------------------
     0 | D:1      | Duffy the Gargoyle Monk began the quest for the Orb.
     0 | D:1      | Reached XP level 1. HP: 14/14 MP: 1/1
   456 | D:1      | Reached XP level 2. HP: 19/19 MP: 2/2
  1122 | D:2      | Reached XP level 3. HP: 23/23 MP: 3/3
  1384 | D:2      | Reached skill level 5 in Unarmed Combat
  2061 | D:2      | Reached XP level 4. HP: 28/28 MP: 4/4
  2570 | D:3      | Reached skill level 6 in Unarmed Combat
  2695 | D:3      | Reached XP level 5. HP: 30/32 MP: 5/5
  3158 | D:3      | Reached skill level 7 in Unarmed Combat
  3158 | D:3      | Reached XP level 6. HP: 35/37 MP: 6/6
  3790 | D:4      | Reached skill level 8 in Unarmed Combat
  3892 | D:4      | Reached XP level 7. HP: 36/41 MP: 7/7
  4032 | D:4      | Noticed Pikel
  4074 | D:4      | Killed Pikel
  4074 | D:4      | Reached skill level 9 in Unarmed Combat
  4074 | D:4      | Reached XP level 8. HP: 35/46 MP: 8/8
  4223 | D:4      | Found a stormy altar of Qazlal.
  4260 | D:4      | Found a sacrificial altar of Ru.
  4887 | D:5      | Entered Level 5 of the Dungeon
  4944 | D:5      | Reached skill level 4 in Fighting
  4965 | D:5      | Reached skill level 3 in Dodging
  5375 | D:5      | Reached skill level 10 in Unarmed Combat
  5594 | D:5      | Reached skill level 1 in Armour
  5806 | D:5      | Found a staircase to the Ecumenical Temple.
  5818 | Temple   | Entered the Ecumenical Temple
  5986 | Temple   | Became a worshipper of Cheibriados the Contemplative
  5986 | Temple   | Reached * piety under Cheibriados
  5986 | Temple   | Reached ** piety under Cheibriados
  6251 | D:5      | Reached skill level 2 in Armour
  6258 | D:6      | Found Xomnirohi's Quality Used Wands.
  6264 | D:6      | Reached skill level 5 in Fighting
  6323 | D:6      | Reached XP level 9. HP: 52/54 MP: 9/9
  6531 | D:6      | Reached skill level 4 in Dodging
  6647 | D:6      | Reached skill level 3 in Armour
  6672 | D:6      | Reached *** piety under Cheibriados
  6861 | D:6      | Found a white marble altar of Elyvilon.
  6869 | D:6      | Noticed Prince Ribbit
  7089 | D:6      | Killed Prince Ribbit
  7089 | D:6      | Reached skill level 6 in Fighting
  7089 | D:6      | Reached skill level 4 in Armour
  7763 | D:7      | Noticed Joseph
  7790 | D:7      | Killed Joseph
  7790 | D:7      | Reached skill level 5 in Armour
  7790 | D:7      | Reached skill level 11 in Unarmed Combat
  7876 | D:7      | Reached skill level 7 in Fighting
  8038 | D:7      | Reached **** piety under Cheibriados
  8038 | D:7      | Reached XP level 10. HP: 63/63 MP: 10/10
  8281 | D:7      | Reached skill level 6 in Armour
  8503 | D:7      | Noticed Menkaure
  8512 | D:7      | Killed Menkaure
  8723 | D:8      | Noticed Raultor's ghost (novice VSMo)
  8736 | D:8      | Killed Raultor's ghost
  8736 | D:8      | Reached skill level 1 in Invocations
  8739 | D:8      | Reached skill level 8 in Fighting
  8739 | D:8      | Reached skill level 2 in Invocations
  9244 | D:9      | Found a staircase to the Lair.
  9264 | D:9      | Found a staircase to the Orcish Mines.
  9278 | D:9      | Reached skill level 3 in Invocations
  9318 | D:9      | Reached ***** piety under Cheibriados
  9550 | D:9      | Reached skill level 4 in Invocations
  9659 | D:9      | Reached skill level 9 in Fighting
  9660 | D:9      | Reached skill level 12 in Unarmed Combat
  9697 | D:9      | Reached XP level 11. HP: 64/71 MP: 14/14
  9706 | D:9      | Reached skill level 5 in Invocations
 10226 | D:9      | Reached ****** piety under Cheibriados
 10406 | D:10     | Entered Level 10 of the Dungeon
 10535 | D:10     | Reached skill level 6 in Invocations
 10604 | D:10     | Noticed a hill giant
 10617 | D:10     | Reached skill level 10 in Fighting
 10631 | D:10     | Killed a hill giant
 10933 | D:10     | Noticed Maud
 10949 | D:10     | Killed Maud
 10949 | D:10     | Reached skill level 7 in Invocations
 11154 | D:10     | Noticed a hill giant
 11167 | D:10     | Killed a hill giant
 11354 | D:10     | Noticed a hill giant
 11365 | D:10     | Killed a hill giant
 11365 | D:10     | Reached skill level 13 in Unarmed Combat
 11729 | Lair:1   | Entered Level 1 of the Lair of Beasts
 11766 | Lair:1   | Reached skill level 8 in Invocations
 11776 | Lair:1   | Reached XP level 12. HP: 75/78 MP: 18/18
 12691 | Lair:2   | Reached skill level 9 in Invocations
 13595 | Lair:3   | Reached skill level 14 in Unarmed Combat
 13671 | Lair:3   | Reached skill level 10 in Invocations
 14014 | Lair:3   | Found a staircase to the Swamp.
 14286 | Lair:3   | Noticed a six-headed hydra
 14297 | Lair:3   | Killed a six-headed hydra
 14987 | Lair:3   | Reached XP level 13. HP: 33/83 MP: 10/21
 15625 | Lair:4   | Reached skill level 7 in Armour
 15649 | Lair:4   | Reached skill level 11 in Fighting
 15761 | Lair:4   | Identified Sif Muna's Incunabulum of Viperous Translocation (You found it on level 4 of the Lair of Beasts)
 16361 | Lair:4   | Learned a level 1 spell: Apportation
 16364 | Lair:4   | Learned a level 2 spell: Blink
 16369 | Lair:4   | Learned a level 4 spell: Passage of Golubria
 16416 | Lair:5   | Slain by an elephant

Vault maps used:
D:1:      minmay_arrival_split_and_join, roderic_lattice_a,
          minmay_crystal_water, serial_bayou_pond_b
D:3:      minmay_misc_feat_x
D:4:      nicolae_ru_great_annihilating_truth, first_bread, nrook_mini_vaults,
          grunt_qazlal_sundering, uniq_pikel
D:5:      temple_green
D:6:      basic_altar, nicolae_for_you_no_charge, uniq_prince_ribbit1,
          uniq_crazy_yiuf_cottage
D:7:      uniq_joseph, uniq_menkaure
D:9:      lair_0_dummy, orc_0_dummy, special_room, grunt_pizzeria,
          minmay_misc_feat_secret_circle
D:10:     hangedman_decor_diamond_cutter, uniq_maud
Temple:   kilobyte_greek_temple_18
Lair:1:   fungi_pond_lemuel, serial_bayou_shore_a, infiniplex_staircase_pool,
          serial_bayou_shore_b, serial_bayou_shore_b
Lair:2:   lab_entry_generic
Lair:3:   minmay_swamp_entry_wisps, grunt_forest_small_clearing_treed
Lair:5:   guppyfry_snake_entry_garden, enter_volcano_2, st_stairs_3, uniq_snorg

Vanquished Creatures
  Maud
  2 hydras
  3 hill giants Pikel
  The ghost of Raultor the Grappler, a novice VSMo of Zin
  2 black mambas Joseph
  A gargoyle
  2 komodo dragons
  6 spiny frogs
  A queen bee
  A troll
  A polar bear Prince Ribbit
  A two-headed ogre
  3 blink frogs
  32 yaks
  A deep elf fighter
  3 hippogriffs
  3 wolves Menkaure
  2 insubstantial wisps
  11 porcupines
  11 water moccasins
  4 ice beasts
  A slave
  A necrophage
  A wasp
  A black bear
  4 orc warriors
  2 sky beasts
  5 ogres
  A phantom
  9 crocodiles
  6 centaurs
  A gnoll sergeant
  A water moccasin skeleton
  A scorpion
  22 giant frogs
  38 killer bees
  An electric eel
  2 centaur zombies
  8 crimson imps
  A hound
  4 jellies
  A giant frog zombie
  10 iguanas
  5 orc priests
  7 orc wizards
  3 quasits
  2 centaur skeletons
  6 hell rats
  5 giant frog skeletons
  6 sheep
  9 worker ants
  2 hound skeletons
  48 river rats
  8 adders
  6 gnolls
  A worker ant zombie
  2 shadow imps
  2 oozes
  An adder skeleton
  4 worms
  8 giant geckos
  35 orcs
  10 goblins
  9 hobgoblins
  11 jackals
  3 quokkas
  3 ball pythons
  5 bats
  6 giant cockroaches
  A giant cockroach zombie
  5 giant newts
  5 kobolds
  2 quokka skeletons
  3 rats
  2 fungi
  2 plants
444 creatures vanquished.
